Map: Automaton LE

Players

Grimreaper

  • Race: Protoss Protoss
  • Spawn Location: 9:00

VOD

Have the link to the VOD?

Description

Time

  • Played on: Jan. 20, 2019, 9:28 p.m.
  • Length: 27:31
Show
View Real Time Build Order
Export as new Build Order

Grimreaper Protoss 

Build Orders:  

Get SALT Encoding   

  12  0:03  Probe (Chrono Boost)  
  14  0:20  Probe (Chrono Boost)  
  14  0:34  Pylon  
  15  0:40  Probe (Chrono Boost)  
  16  1:01  Probe (Chrono Boost)  
  16  1:02  Gateway  
  16  1:18  Probe (Chrono Boost)  
  17  1:22  Gateway  
  17  1:31  Pylon  
  17  1:43  Assimilator  
  17  2:06  Probe (Chrono Boost)  
  17  2:09  Cybernetics Core  
  18  2:23  Forge, Probe (Chrono Boost)  
  19  2:30  Zealot  
  22  2:40  Probe (Chrono Boost)  
  22  3:16  Nexus  
  22  3:32  Stalker  
  24  3:55  Probe (Chrono Boost)  
  25  4:01  Assimilator  
  25  4:12  Probe (Chrono Boost)  
  25  4:14  Photon Cannon  
  26  4:29  Probe (Chrono Boost)  
  27  4:31  Warp Gate  
  27  4:33  Photon Cannon  
  27  4:46  Probe (Chrono Boost)  
  28  5:00  Protoss Ground Weapons Level 1, Pylon  
  28  5:03  Probe (Chrono Boost)  
  28  5:04  Probe (Chrono Boost)  
  31  5:21  Probe (Chrono Boost)  
  31  5:23  Probe (Chrono Boost)  
  32  5:38  Probe (Chrono Boost)  
  34  5:40  Probe (Chrono Boost)  
  34  5:43  Stalker  
  34  5:47  Stalker  
  38  5:55  Probe (Chrono Boost)  
  38  5:57  Probe (Chrono Boost)  
  40  6:06  Photon Cannon  
  40  6:09  Photon Cannon  
  40  6:12  Probe (Chrono Boost)  
  40  6:18  Pylon  
  41  6:29  Probe (Chrono Boost)  
  42  6:40  Nexus  
  42  6:46  Probe (Chrono Boost)  
  43  6:55  Probe (Chrono Boost)  
  43  6:58  Probe (Chrono Boost)  
  44  7:07  Probe (Chrono Boost)  
  44  7:09  Probe (Chrono Boost)  
  45  7:12  Stalker  
  45  7:17  Stalker  
  51  7:21  Probe (Chrono Boost)  
  51  7:23  Probe (Chrono Boost)  
  53  7:37  Probe (Chrono Boost)  
  55  7:40  Probe (Chrono Boost)  
  55  7:45  Photon Cannon  
  55  7:47  Photon Cannon  
  55  7:54  Pylon, Probe (Chrono Boost)  
  55  7:59  Stalker x2  
  61  8:12  Probe (Chrono Boost)  
  61  8:16  Probe (Chrono Boost)  
  62  8:23  Probe (Chrono Boost)  
  62  8:29  Probe (Chrono Boost)  
  64  8:33  Probe (Chrono Boost)  
  64  8:35  Pylon  
  66  8:40  Probe (Chrono Boost)  
  66  8:41  Stalker  
  66  8:42  Pylon  
  66  8:46  Stalker, Probe (Chrono Boost)  
  72  8:50  Probe (Chrono Boost)  
  72  8:57  Probe (Chrono Boost)  
  73  9:02  Probe (Chrono Boost)  
  73  9:06  Photon Cannon  
  73  9:07  Probe (Chrono Boost)  
  73  9:08  Photon Cannon  
  75  9:14  Probe (Chrono Boost)  
  75  9:15  Photon Cannon  
  75  9:19  Probe (Chrono Boost)  
  77  9:21  Photon Cannon  
  77  9:24  Probe (Chrono Boost)  
  77  9:25  Photon Cannon  
  77  9:26  Photon Cannon  
  77  9:29  Photon Cannon  
  79  9:31  Probe (Chrono Boost)  
  79  9:33  Photon Cannon  
  79  9:39  Photon Cannon  
  79  9:44  Photon Cannon  
  79  9:48  Stalker  
  79  9:49  Stalker  
  83  10:08  Pylon  
  83  10:12  Pylon  
  83  10:20  Assimilator  
  83  10:26  Assimilator  
  83  10:30  Assimilator  
  83  10:36  Assimilator  
  83  10:38  Probe (Chrono Boost)  
  84  10:42  Stalker  
  84  10:43  Stalker  
  88  10:55  Probe (Chrono Boost)  
  88  10:58  Pylon  
  89  11:04  Pylon  
  89  11:11  Pylon  
  89  11:12  Probe (Chrono Boost)  
  89  11:19  Pylon  
  90  11:23  Pylon  
  90  11:28  Pylon  
  90  11:32  Pylon  
  90  11:37  Pylon  
  90  11:46  Pylon  
  90  11:49  Pylon  
  90  11:54  Pylon  
  90  11:59  Pylon  
  90  12:02  Pylon, Protoss Shields Level 1, Probe (Chrono Boost)  
  90  12:06  Forge, Pylon  
  90  12:08  Forge  
  91  12:12  Cybernetics Core  
  91  12:19  Probe (Chrono Boost)  
  92  12:23  Stalker  
  92  12:24  Stalker  
  96  12:34  Photon Cannon  
  96  12:37  Photon Cannon  
  96  12:42  Photon Cannon  
  96  12:46  Photon Cannon  
  96  12:50  Photon Cannon  
  96  12:54  Photon Cannon  
  96  12:57  Photon Cannon  
  96  13:00  Photon Cannon  
  96  13:01  Photon Cannon, Gateway  
  96  13:04  Gateway  
  96  13:05  Photon Cannon  
  96  13:08  Gateway  
  96  13:11  Gateway  
  96  13:13  Protoss Ground Armor Level 1  
  96  13:14  Gateway  
  96  13:17  Twilight Council  
  96  13:20  Gateway  
  96  13:22  Gateway  
  96  13:24  Twilight Council  
  96  13:26  Stalker  
  96  13:27  Stalker  
  100  13:39  Robotics Facility x2  
  100  13:46  Robotics Facility  
  100  13:53  Robotics Facility  
  100  14:06  Stalker x2  
  84  14:53  Immortal  
  84  14:54  Immortal x3  
  84  14:56  Stalker x2  
  86  15:30  Stalker  
  86  15:31  Stalker x5  
  86  15:32  Stalker  
  92  15:45  Immortal  
  92  16:17  Stalker x5  
  92  16:18  Stalker x2  
  92  16:19  Stalker x2  
  104  16:44  Immortal x3  
  116  16:50  Immortal  
  108  17:40  Stalker x4  
  108  17:41  Stalker x5  
  108  17:49  Immortal  
  130  18:51  Stalker  
  130  18:52  Stalker x5  
  130  18:53  Stalker x3  
  148  19:03  Immortal x2  
  148  19:06  Immortal  
  160  19:14  Protoss Ground Weapons Level 2  
  90  20:38  Stalker x4  
  90  20:39  Stalker x5  
  92  20:44  Protoss Ground Armor Level 2  
  92  20:45  Protoss Shields Level 2  
  92  20:49  Immortal x2  
  100  20:51  Immortal  
  100  20:57  Immortal  
  108  21:34  Nexus  
  108  21:55  Probe (Chrono Boost)  
  108  21:58  Immortal  
  108  21:59  Immortal x3  
  125  22:33  Probe (Chrono Boost)  
  126  22:47  Nexus  
  127  22:50  Probe (Chrono Boost)  
  127  23:07  Probe (Chrono Boost)  
  128  23:24  Probe (Chrono Boost)  
  129  23:36  Probe (Chrono Boost)  
  131  23:40  Probe (Chrono Boost)  
  131  23:49  Zealot  
  133  23:50  Zealot x6  
  133  23:51  Zealot x2  
  133  23:52  Probe (Chrono Boost)  
  133  23:57  Probe (Chrono Boost)  
  126  24:09  Probe (Chrono Boost)  
  115  24:14  Probe (Chrono Boost)  
  106  24:29  Zealot x2  
  87  24:30  Zealot x3  
  87  24:31  Probe (Chrono Boost)  
  87  24:32  Zealot  
  85  24:48  Probe (Chrono Boost)  
  86  24:53  Stalker x3  
  86  24:56  Immortal  
  84  25:05  Stalker x3  
  86  25:23  Stalker x3  
  76  25:34  Immortal x2  
  76  25:36  Stalker  
  76  25:38  Charge  
  73  25:47  Immortal  
  74  25:50  Stalker  
  67  26:11  Blink  
  66  26:21  Adept x4  
  66  26:22  Adept x3  
  75  26:36  Stalker  
  50  27:12  Stalker  
  50  27:13  Stalker x3  
Tags
 
Matchup
Co-op
Replay Pack
Multiplayer
Add a new tag
Caveats
  • Supply blocks, unpowered buildings, or Contaminate may cause inaccurate times.
  • Supply counts are checked every 10 seconds.